 Dungeon Sprint DCSS version 0.29-a0-723-gce39da1c22 (webtiles) character file.

Game seed: 820293383960313647

369315 manyhoops the Wrestler (level 16, 198/198 HPs)
             Began as a Troll Berserker on June 28, 2022.
             Was a High Priest of Trog.
             Escaped with the Orb!
             The game lasted 00:26:25 (4432 turns).

manyhoops the Wrestler (Troll Berserker)            Turns: 4432, Time: 00:26:25

Health: 198/198    AC: 39    Str: 46    XL:     16   Next: 18%
Magic:  15/15      EV:  7    Int:  4    God:    Trog [*****.]
Gold:   2690       SH:  0    Dex: 16    Spells: 15/15 levels left

rFire   + + +      SeeInvis .     - Unarmed
rCold   . . .      Faith    .   (no shield)
rNeg    . . .      Spirit   .   J - +12 gold dragon scales of Tulips {Rampage rPois rF+ rC+ Int+2}
rPois   +          Reflect  .   v - +1 hat
rElec   .          Harm     .   G - +2 cloak
rCorr   .          Rampage  +   (gloves unavailable)
Will    +....      Clarity  +   (boots unavailable)
Stlth   .......... NoTele   +   A - amulet of the acrobat
HPRegen 1.23/turn               y - ring "Zahev" {rF+ Str+6 Dex+3}
MPRegen 0.14/turn               u - ring "Motsot" {Fly rF+ rC- Str+6 Stlth+}

@: flying, hasted (expiring), studying Evocations, very quick
A: large, unfitting armour, claws 3, regeneration 1, shaggy fur 1, tough skin 1,
agile 1, clarity
0: Orb of Zot
a: Renounce Religion, Berserk, Trog's Hand, Brothers in Arms


You escaped.
You worshipped Trog.
Trog was extremely pleased with you.
You visited 1 branch You collected 7026 gold pieces.
You spent 4336 gold pieces at shops.

Inventory:

Hand Weapons
 k - the +3 great sword "Wiseusui" {vorpal, rElec rN+++ Dex-5 Stlth-}
   (Trog gifted it to you in the Dungeon)

   It inflicts extra damage upon your enemies.
   Dex:       It affects your dexterity (-5).
   rElec:     It insulates you from electricity.
   rN:        It renders you almost immune to negative energy.
   Stlth:     It makes you less stealthy.
 F - the +2 great sword of Youthful Indiscretion {flame, rF+ rC+ Dex+4}
   (Trog gifted it to you in the Dungeon)

   It burns those it strikes, dealing additional fire damage.
   Big, fiery blades are also staple armaments of hydra-hunters.
   Dex:       It affects your dexterity (+4).
   rF:        It protects you from fire.
   rC:        It protects you from cold.
Missiles
 i - 2 throwing nets (quivered)
Armour
 v - a +1 hat (worn)
 G - a +2 cloak (worn)
 J - the +12 gold dragon scales of Tulips (worn) {Rampage rPois rF+ rC+ Int+2}
   (You acquired it in the Dungeon)

   Int:       It affects your intelligence (+2).
   rF:        It protects you from fire.
   rC:        It protects you from cold.
   rPois:     It protects you from poison.
   Rampage:   It bestows one free step when moving towards enemies.
Jewellery
 r - a ring of protection from fire
 s - a ring of resist corrosion
 u - the ring "Motsot" (right claw) {Fly rF+ rC- Str+6 Stlth+}
   (You acquired it in the Dungeon)

   [ring of strength]

   Str:       It affects your strength (+6).
   rF:        It protects you from fire.
   rC:        It makes you vulnerable to cold.
   Fly:       It grants you flight.
   Stlth:     It makes you more stealthy.
 w - a +6 ring of dexterity
 x - a ring of willpower
 y - the ring "Zahev" (left claw) {rF+ Str+6 Dex+3}
   (You found it in the Dungeon)

   [ring of strength]

   Str:       It affects your strength (+6).
   Dex:       It affects your dexterity (+3).
   rF:        It protects you from fire.
 A - an amulet of the acrobat (around neck)
 H - the amulet "Hionko Yces" {Reflect Harm rPois Str+2 SH+5 SInv}
   (You found it in the Dungeon)

   [amulet of reflection]

   It reflects blocked missile attacks.
   Str:       It affects your strength (+2).
   rPois:     It protects you from poison.
   SInv:      It lets you see invisible.
   SH:        It affects your SH (+5).
   Harm:      It increases damage dealt and taken.
Scrolls
 j - 5 scrolls of fear
 l - 2 scrolls of poison
 o - a scroll of magic mapping
 p - a scroll of fog
 t - 2 scrolls of immolation
 B - a scroll of amnesia
 C - 2 scrolls of identify
 I - a scroll of silence
Potions
 a - a potion of might
 b - 4 potions of curing
 c - 7 potions of heal wounds
 d - 12 potions of haste
 e - 14 potions of magic
 f - a potion of berserk rage
 g - 15 potions of flight
 h - 4 potions of lignification
 m - 6 potions of resistance
 q - 2 potions of brilliance
 E - 16 potions of mutation
Miscellaneous
 n - a tin of tremorstones (2/2)
 z - a phial of floods
 D - a phial of floods


   Skills:
 + Level 21.8 Fighting
 - Level 16.0 Armour
 - Level 2.4 Dodging
 - Level 25.4 Unarmed Combat
 - Level 8.9 Evocations


You had 15 spell levels left.
You didn't know any spells.
Your spell library was empty.

Dungeon Overview and Level Annotations

Branches:
Dungeon (1/1)

Altars:
Cheibriados
Dithmenos
Elyvilon
Fedhas
Gozag
Hepliaklqana
Kikubaaqudgha
Makhleb
Nemelex Xobeh
Okawaru
Qazlal
Ru
Sif Muna
Trog
Uskayaw
Vehumet
Wu Jian
Xom
Yredelemnul
Zin
The Shining One
Beogh
Jiyva
Lugonu

Shops:
D [[?:([:!***?[=[(*:=?:[[?!((!![?:


Innate Abilities, Weirdness & Mutations

You are too large for most types of armour.
You have claws for hands.
Your natural rate of healing is unusually fast.
You are covered in fur. (AC +1)
You have tough skin. (AC +1)
You are agile. (Dex +4, Str/Int -1)
You possess an exceptional clarity of mind.


Message History

You see here a +0 leather armour.
Your extra speed is starting to run out.
Things that are here:
a +1 whip of freezing; a +1 dagger of draining; 2 curare-tipped darts You feel yourself slow down.
There is an open door here.
There is a fountain of blood here.
You feel yourself speed up.
There is a fountain of blood here.
There is a broken door here.
A cacodemon, a sixfirhy and an orange demon come into view.
The cacodemon shouts!
The orange demon screeches!
A sixfirhy comes into view.
The sixfirhy completely misses you. The sixfirhy completely misses you.
The sixfirhy closely misses you.
You see here a +4 rapier of flaming.
The sixfirhy attacks as you move away!
The sixfirhy splashes around in the water.
The sixfirhy barely misses you. The sixfirhy attacks as you move away!
The sixfirhy splashes around in the water.
Really fly into a travel-excluded area?
The sixfirhy misses you. The sixfirhy attacks as you move away!
The sixfirhy completely misses you.
An Orb Guardian comes into view.
The sixfirhy hits you but does no damage.
The Orb Guardian is engulfed in a cloud of scalding steam.
The sixfirhy hits you but does no damage.
The sixfirhy attacks as you move away! The sixfirhy completely misses you.
As you open the door, it creaks loudly!
Found 243 gold pieces.
There is an open door here.
Your extra speed is starting to run out.
You see here 243 gold pieces.
You now have 2690 gold pieces (gained 243).
The sixfirhy hits you but does no damage.
The sixfirhy completely misses you. The sixfirhy barely misses you.
There is an open door here.
There is a staircase leading out of the dungeon here.
You have escaped!

##########≈≈#+++#+++#####....#.##
#########≈≈≈.........#..÷....#..#
.∩.∩....#≈≈≈≈.##'##..#..####.#..#
....∩...#≈≈≈≈###..##.####..'.##.#
...∩.∩..#≈≈≈≈#.##..#,...#.(#...##
....∩.⌠.#≈≈####.#.####..#####^.##
...∩.∩..#≈##.###)###.##..#..'.^#.
..∩.∩...#≈#.#.##)##.X##..#..#..#)
.∩.∩....'≈'###'.@.'##.X..####^.##
∩.∩.....#≈#.#.##.##..##....###.3.
▓▓▓▓▓▓###≈##.###'###.##......≈≈≈≈
)..######≈≈####.#.####≈≈..§..≈#'#
...#..÷.##≈≈≈#..#..#≈≈≈≈≈≈≈..≈#..
∩.÷÷.[#'##'#≈##.#.##≈≈≈≈≈≈≈≈§≈#._
..[#.##≈##.#≈≈##'##≈§≈≈≈≈§≈≈≈≈#_.
)..###≈≈§####≈≈≈≈≈≈≈≈§§≈≈§≈≈≈≈#._
#)###○○§≈≈#,#+++#+++#≈§≈≈§§≈§≈#_.


You could see an Orb Guardian.

Vanquished Creatures
  Nikola (D)
  A hellephant (D)
  An electric golem (D)
  3 quicksilver dragons (D)
  A deep elf blademaster (D)
  A deep elf master archer (D)
  2 sphinxes (D)
  A kraken (D)
  Murray (D)
  Gastronok (D)
  Kirke (D)
  Roxanne (D)
  A draconian shifter (D)
  3 lorocyprocas (D)
  A dire elephant (D)
  An iron golem (D)
  A yaktaur captain (D)
  A fire dragon (D)
  An ice dragon (D)
  A crystal guardian (D)
  2 boulder beetles (D)
  A great orb of eyes (D)
  A centaur warrior (D)
  A death yak (D)
  An iron elemental (D)
  Sonja (D)
  2 deep trolls (D)
  3 sixfirhies (D)
  2 death drakes (D)
  A skeletal warrior (D)
  An obsidian statue (D)
  An orange crystal statue (D)
  A glowing orange brain (D)
  A harpy (D)
  An oklob plant (D)
  3 orc sorcerers (D)
  8 shining eyes (D)
  3 manticores (D)
  3 toenail golems (D)
  An elephant (D)
  2 cane toads (D)
  An eye of devastation (D)
  An unseen horror (D)
  A kobold demonologist (D)
  A yaktaur (D)
  3 slime creatures (D)
  A hornet (D)
  3 polar bears (D)
  18 flying skulls (D)
  3 yaks (D)
  3 wyverns (D)
  A vampire mosquito (D)
  2 redbacks (D)
  7 water moccasins (D)
  A floating eye (D)
  2 swamp drakes (D)
  3 black bears (D)
  2 earth elementals (D)
  A necrophage (D)
  4 scorpions (D)
  4 lava snakes (D)
  A jelly (D)
  4 orc priests (D)
  An iron imp (D)
  3 worms (D)
  2 spectral ball pythons (D)
  A ballistomycete spore (D)
  4 tentacles (D)
143 creatures vanquished.

Vanquished Creatures (collateral kills)
  the Lernaean hydra (D)
  Nessos (D)
  7 shining eyes (D)
  An unseen horror (D)
  2 polar bears (D)
  2 wyverns (D)
  9 floating eyes (D)
23 creatures vanquished.

Vanquished Creatures (others)
  Menkaure (D)
  A water moccasin (D)
  A ballistomycete spore (D)
  7 tentacles (D)
10 creatures vanquished.

Grand Total: 176 creatures vanquished

Notes
Turn   | Place    | Note
-------+----------+-------------------------------------------
     0 | D        | manyhoops the Troll Berserker began the quest for the Orb.
     0 | D        | Reached XP level 1. HP: 22/22 MP: 0/0
    14 | D        | Reached skill level 4 in Unarmed Combat
    19 | D        | Reached ** piety under Trog
    20 | D        | Reached skill level 5 in Unarmed Combat
    20 | D        | Reached XP level 2. HP: 29/29 MP: 1/1
    25 | D        | Noticed a flying skull
    25 | D        | Noticed a flying skull
    25 | D        | Noticed a flying skull
    25 | D        | Noticed a flying skull
    25 | D        | Noticed a flying skull
    25 | D        | Noticed a flying skull
    25 | D        | Noticed a flying skull
    26 | D        | Noticed a flying skull
    26 | D        | Noticed a flying skull
    26 | D        | Noticed a flying skull
    26 | D        | Noticed a flying skull
    27 | D        | Noticed a water moccasin
    28 | D        | Noticed a flying skull
    34 | D        | Killed a water moccasin
    35 | D        | Reached skill level 9 in Unarmed Combat
    35 | D        | Reached XP level 3. HP: 30/36 MP: 2/2
    35 | D        | Reached XP level 4. HP: 37/44 MP: 3/3
    59 | D        | Noticed a wyvern
    59 | D        | Noticed a wyvern
    59 | D        | Killed Menkaure
    63 | D        | Killed a wyvern
    64 | D        | Reached skill level 12 in Unarmed Combat
    64 | D        | Reached XP level 5. HP: 50/50 MP: 4/4
    69 | D        | Killed a wyvern
    70 | D        | Reached skill level 14 in Unarmed Combat
    70 | D        | Reached XP level 6. HP: 55/59 MP: 5/5
    98 | D        | Reached *** piety under Trog
   101 | D        | Reached skill level 15 in Unarmed Combat
   101 | D        | Reached XP level 7. HP: 55/66 MP: 6/6
   128 | D        | Noticed a boulder beetle
   128 | D        | Noticed a boulder beetle
   136 | D        | Found Ibugeryr's Antique Weapon Emporium.
   136 | D        | Found Guczigu's Antique Armour Emporium.
   136 | D        | Found Seynwuil's Magic Scroll Shoppe.
   136 | D        | Found Vyishu Xuri's Distillery.
   136 | D        | Found Neskixu's Distillery.
   136 | D        | Found Fazai's Jewellery Emporium.
   136 | D        | Found Jisal's Magic Scroll Emporium.
   136 | D        | Found Medocw's Book Shoppe.
   137 | D        | Found Upeac's Antique Armour Emporium.
   137 | D        | Found Guaxkede's Jewellery Shoppe.
   138 | D        | Found Uwiarucu's Book Emporium.
   138 | D        | Noticed a yak
   138 | D        | Noticed a yak
   139 | D        | Found Vupn's Assorted Antiques.
   139 | D        | Found Qiwutomi's Distillery.
   139 | D        | Noticed a yak
   139 | D        | Noticed an oklob plant
   140 | D        | Found Laratumn's Magic Scroll Shoppe.
   140 | D        | Found Von Iqie's Book Shoppe.
   140 | D        | Noticed an iron elemental
   146 | D        | Noticed a fire dragon
   155 | D        | Bought 3 potions of lignification for 117 gold pieces
   155 | D        | Bought a potion of heal wounds for 65 gold pieces
   155 | D        | Bought a potion of haste for 130 gold pieces
   159 | D        | Bought 2 potions of heal wounds for 100 gold pieces
   177 | D        | Noticed a vampire mosquito
   179 | D        | Killed a vampire mosquito
   179 | D        | Reached **** piety under Trog
   180 | D        | Reached skill level 16 in Unarmed Combat
   189 | D        | Noticed an obsidian statue
   199 | D        | Found a stormy altar of Qazlal.
   199 | D        | Found an ornate altar of the Wu Jian Council.
   200 | D        | Found a hazy altar of Hepliaklqana.
   200 | D        | Found a sacrificial altar of Ru.
   200 | D        | Found a shimmering altar of Xom.
   200 | D        | Found a glowing golden altar of the Shining One.
   201 | D        | Found a viscous altar of Jiyva.
   201 | D        | Found a shimmering blue altar of Sif Muna.
   201 | D        | Found a basalt altar of Yredelemnul.
   202 | D        | Found a snail-covered altar of Cheibriados.
   202 | D        | Found an ancient bone altar of Kikubaaqudgha.
   202 | D        | Found a bloodstained altar of Trog.
   202 | D        | Found a glowing silver altar of Zin.
   203 | D        | Found a shadowy altar of Dithmenos.
   203 | D        | Found a corrupted altar of Lugonu.
   203 | D        | Found a hide-covered altar of Uskayaw.
   207 | D        | Found a white marble altar of Elyvilon.
   207 | D        | Found a burning altar of Makhleb.
   208 | D        | Found a blossoming altar of Fedhas.
   210 | D        | Found an opulent altar of Gozag.
   210 | D        | Found a sparkling altar of Nemelex Xobeh.
   211 | D        | Found a radiant altar of Vehumet.
   211 | D        | Found an iron altar of Okawaru.
   228 | D        | Noticed a kraken
   242 | D        | Reached skill level 17 in Unarmed Combat
   246 | D        | Noticed a yaktaur
   246 | D        | Noticed a hornet
   246 | D        | Noticed a polar bear
   246 | D        | Noticed a polar bear
   246 | D        | Noticed a polar bear
   249 | D        | Noticed a flying skull
   249 | D        | Noticed a flying skull
   254 | D        | Killed a polar bear
   255 | D        | Reached XP level 8. HP: 74/74 MP: 7/7
   256 | D        | Killed a yaktaur
   257 | D        | Reached skill level 18 in Unarmed Combat
   259 | D        | Killed a polar bear
   260 | D        | Reached skill level 19 in Unarmed Combat
   260 | D        | Killed a hornet
   268 | D        | Killed a polar bear
   269 | D        | Reached XP level 9. HP: 52/80 MP: 8/8
   302 | D        | Reached skill level 20 in Unarmed Combat
   425 | D        | Noticed a deep troll
   426 | D        | Noticed a deep troll
   429 | D        | Killed a deep troll
   430 | D        | Killed a deep troll
   477 | D        | Noticed a sphinx
   477 | D        | Noticed a sphinx
   483 | D        | Killed a sphinx
   483 | D        | Reached ***** piety under Trog
   484 | D        | Reached skill level 10 in Fighting
   484 | D        | Reached XP level 10. HP: 111/111 MP: 9/9
   487 | D        | Killed a sphinx
   541 | D        | Killed a kraken
   611 | D        | Bought a potion of resistance for 120 gold pieces
   611 | D        | Bought a potion of flight for 36 gold pieces
   611 | D        | Bought a potion of haste for 120 gold pieces
   621 | D        | Noticed a centaur warrior
   621 | D        | Noticed Kirke
   621 | D        | Noticed a skeletal warrior
   634 | D        | Killed a centaur warrior
   637 | D        | Killed a skeletal warrior
   645 | D        | Killed Kirke
   646 | D        | Reached skill level 15 in Fighting
   646 | D        | Reached XP level 11. HP: 71/133 MP: 10/10
   649 | D        | Identified the +3 great sword "Wiseusui" {vorpal, rElec
                  | rN+++ Dex-5 Stlth-} (Trog gifted it to you in the Dungeon)
   649 | D        | Received a gift from Trog
   678 | D        | Noticed a shining eye
   689 | D        | Killed a shining eye
   689 | D        | Noticed a yaktaur captain
   692 | D        | Killed a yaktaur captain
   852 | D        | Noticed a shining eye
   862 | D        | Killed a shining eye
   911 | D        | Received a gift from Trog
   927 | D        | Reached ****** piety under Trog
   935 | D        | Received a gift from Trog
  1018 | D        | Noticed a death yak
  1024 | D        | Reached skill level 21 in Unarmed Combat
  1037 | D        | Killed a death yak
  1042 | D        | Received a gift from Trog
  1155 | D        | Found Heugaopt's Armour Emporium.
  1155 | D        | Found Akhluvaz's Antique Armour Shop.
  1156 | D        | Found Zuesm's Armour Shop.
  1156 | D        | Found Zugasmic's Magic Scroll Shoppe.
  1156 | D        | Found Mesy's Antique Weapon Boutique.
  1156 | D        | Found Retamu Leda's Armour Emporium.
  1156 | D        | Found Bicus's Weapon Shop.
  1156 | D        | Found Ekeyxkie's Book Shoppe.
  1156 | D        | Found Rauma's Antique Armour Boutique.
  1156 | D        | Found Hatezoc Ydod's General Store.
  1156 | D        | Found Xeaw's Antique Armour Shop.
  1156 | D        | Found Xaroptieth's Distillery.
  1165 | D        | Bought a scroll of acquirement for 728 gold pieces
  1165 | D        | Acquired the ring "Motsot" {Fly rF+ rC- Str+6 Stlth+}
  1174 | D        | Bought a scroll of identify for 26 gold pieces
  1174 | D        | Bought a scroll of identify for 26 gold pieces
  1196 | D        | Noticed a shining eye
  1207 | D        | Killed a shining eye
  1208 | D        | Reached skill level 22 in Unarmed Combat
  1254 | D        | Noticed a glowing orange brain
  1254 | D        | Noticed a purple draconian shifter
  1254 | D        | Noticed a hellephant
  1254 | D        | Noticed Sonja
  1288 | D        | Noticed an orange crystal statue
  1288 | D        | Noticed a sixfirhy
  1294 | D        | Noticed a sixfirhy
  1299 | D        | Killed an orange crystal statue
  1300 | D        | Reached XP level 12. HP: 150/150 MP: 5/11
  1303 | D        | Gained mutation: Your spells are a little easier to cast,
                  | but a little less powerful. [mutagenic glow]
  1307 | D        | Found Cibiurin's Book Shoppe.
  1308 | D        | Found Sadouzaejy's Magic Scroll Boutique.
  1320 | D        | Gained mutation: Armour fits poorly on your strangely
                  | shaped body. [mutagenic glow]
  1323 | D        | Bought a scroll of magic mapping for 35 gold pieces
  1337 | D        | Gained mutation: You occasionally lose the ability to read
                  | scrolls when taking damage. [mutagenic glow]
  1357 | D        | Gained mutation: Your spells are easier to cast, but less
                  | powerful. [mutagenic glow]
  1369 | D        | Gained mutation: You sometimes lose your temper in combat.
                  | [mutagenic glow]
  1377 | D        | Gained mutation: You occasionally shout uncontrollably at
                  | your foes. [mutagenic glow]
  1388 | D        | Gained mutation: Your spells are much easier to cast, but
                  | much less powerful. [mutagenic glow]
  1446 | D        | Noticed Gastronok
  1451 | D        | Killed Gastronok
  1451 | D        | Received a gift from Trog
  1452 | D        | Reached skill level 23 in Unarmed Combat
  1594 | D        | Found Exkoy's Assorted Antiques.
  1595 | D        | Found Conliafu's Weapon Shop.
  1596 | D        | Noticed Nessos
  1603 | D        | Killed Nessos
  1661 | D        | Acquired 911 gold pieces
  1709 | D        | Noticed a dire elephant
  1713 | D        | Killed a dire elephant
  1718 | D        | Reached skill level 24 in Unarmed Combat
  1718 | D        | Found the +8 storm bow {elec, penet}
  1730 | D        | Identified the +6 hand axe "Qiriud" {vorpal, Str-2 Dex+4}
  1760 | D        | Identified the ring "Zahev" {rF+ Str+6 Dex+3}
  1798 | D        | Identified Roxanne's Papyrus of the Rocks
  1798 | D        | Noticed Roxanne
  1815 | D        | Killed Roxanne
  1935 | D        | Received a gift from Trog
  1941 | D        | Noticed a deep elf blademaster
  1952 | D        | Killed a deep elf blademaster
  1953 | D        | Reached skill level 25 in Unarmed Combat
  1993 | D        | Reached skill level 1 in Armour
  2002 | D        | Received a gift from Trog
  2055 | D        | Gained mutation: Your body sometimes deteriorates upon
                  | taking damage. [a shining eye]
  2055 | D        | Gained mutation: You occasionally lose the ability to drink
                  | potions when taking damage. [a shining eye]
  2056 | D        | Paralysed by a floating eye for 3 turns
  2056 | D        | Gained mutation: You are weak. (Str -2) [a shining eye]
  2058 | D        | Gained mutation: Your magical capacity is low. (-10% MP) [a
                  | shining eye]
  2058 | D        | Gained mutation: You have an uncontrollable temper. [a
                  | shining eye]
  2059 | D        | Reached skill level 5 in Armour
  2060 | D        | Reached XP level 13. HP: 158/158 MP: 10/10
  2062 | D        | Gained mutation: You are dopey. (Int -2) [a shining eye]
  2063 | D        | Received a gift from Trog
  2068 | D        | Paralysed by a floating eye for 4 turns
  2069 | D        | Identified the +2 great sword of Youthful Indiscretion
                  | {flame, rF+ rC+ Dex+4} (Trog gifted it to you in the
                  | Dungeon)
  2069 | D        | Received a gift from Trog
  2108 | D        | Lost mutation: Your magical capacity is low. (-10% MP)
                  | [potion of mutation]
  2108 | D        | Lost mutation: Your spells are much easier to cast, but
                  | much less powerful. [potion of mutation]
  2108 | D        | Lost mutation: You occasionally lose the ability to read
                  | scrolls when taking damage. [potion of mutation]
  2108 | D        | Lost mutation: You occasionally lose the ability to drink
                  | potions when taking damage. [potion of mutation]
  2108 | D        | Lost intelligence.
  2108 | D        | Gained mutation: You are very dopey. (Int -4) [potion of
                  | mutation]
  2108 | D        | Lost mutation: You have an uncontrollable temper. [potion
                  | of mutation]
  2111 | D        | Lost mutation: You sometimes lose your temper in combat.
                  | [potion of mutation]
  2111 | D        | Lost mutation: Your spells are easier to cast, but less
                  | powerful. [potion of mutation]
  2111 | D        | Gained mutation: You are clumsy. (Dex -2) [potion of
                  | mutation]
  2111 | D        | Gained mutation: You possess an exceptional clarity of
                  | mind. [potion of mutation]
  2112 | D        | Lost mutation: Your body sometimes deteriorates upon taking
                  | damage. [potion of mutation]
  2112 | D        | Lost mutation: Armour fits poorly on your strangely shaped
                  | body. [potion of mutation]
  2112 | D        | Gained mutation: You are partially covered in large bone
                  | plates. (SH +4) [potion of mutation]
  2112 | D        | Gained mutation: You are covered in thick fur. (AC +2)
                  | [potion of mutation]
  2113 | D        | Lost mutation: You possess an exceptional clarity of mind.
                  | [potion of mutation]
  2113 | D        | Lost mutation: Your spells are a little easier to cast, but
                  | a little less powerful. [potion of mutation]
  2115 | D        | Lost mutation: You are partially covered in large bone
                  | plates. (SH +4) [potion of mutation]
  2115 | D        | Lost mutation: You are weak. (Str -2) [potion of mutation]
  2115 | D        | Lost mutation: You are covered in thick fur. (AC +2)
                  | [potion of mutation]
  2115 | D        | Lost mutation: You are very dopey. (Int -4) [potion of
                  | mutation]
  2115 | D        | Gained mutation: You are very clumsy. (Dex -4) [potion of
                  | mutation]
  2115 | D        | Gained mutation: You are partially covered in iridescent
                  | scales. (AC +2) [potion of mutation]
  2116 | D        | Lost mutation: You are very clumsy. (Dex -4) [potion of
                  | mutation]
  2116 | D        | Lost mutation: You are clumsy. (Dex -2) [potion of
                  | mutation]
  2116 | D        | Lost mutation: You are partially covered in iridescent
                  | scales. (AC +2) [potion of mutation]
  2116 | D        | Gained mutation: You expend magic power (3 MP) to
                  | strengthen your wands. [potion of mutation]
  2116 | D        | Gained mutation: You are partially covered in iridescent
                  | scales. (AC +2) [potion of mutation]
  2118 | D        | Lost mutation: You are partially covered in iridescent
                  | scales. (AC +2) [potion of mutation]
  2118 | D        | Lost mutation: You are dopey. (Int -2) [potion of mutation]
  2118 | D        | Lost mutation: You expend magic power (3 MP) to strengthen
                  | your wands. [potion of mutation]
  2118 | D        | Gained mutation: Your spells are a little easier to cast,
                  | but a little less powerful. [potion of mutation]
  2118 | D        | Gained mutation: You are covered in thick fur. (AC +2)
                  | [potion of mutation]
  2235 | D        | Lost mutation: You are covered in thick fur. (AC +2)
                  | [potion of mutation]
  2235 | D        | Lost mutation: You occasionally shout uncontrollably at
                  | your foes. [potion of mutation]
  2235 | D        | Lost mutation: Your spells are a little easier to cast, but
                  | a little less powerful. [potion of mutation]
  2235 | D        | Gained mutation: You are resistant to electric shocks.
                  | (rElec) [potion of mutation]
  2235 | D        | Gained mutation: You possess an exceptional clarity of
                  | mind. [potion of mutation]
  2236 | D        | Lost mutation: You are resistant to electric shocks.
                  | (rElec) [potion of mutation]
  2236 | D        | Lost mutation: You possess an exceptional clarity of mind.
                  | [potion of mutation]
  2236 | D        | Gained mutation: You are resistant to electric shocks.
                  | (rElec) [potion of mutation]
  2236 | D        | Gained mutation: You are clumsy. (Dex -2) [potion of
                  | mutation]
  2237 | D        | Lost mutation: You are resistant to electric shocks.
                  | (rElec) [potion of mutation]
  2237 | D        | Lost mutation: You are clumsy. (Dex -2) [potion of
                  | mutation]
  2237 | D        | Gained mutation: You occasionally shout uncontrollably at
                  | your foes. [potion of mutation]
  2238 | D        | Lost mutation: You occasionally shout uncontrollably at
                  | your foes. [potion of mutation]
  2238 | D        | Gained mutation: Your muscles are strong. (Str +4, Int/Dex
                  | -1) [potion of mutation]
  2238 | D        | Gained mutation: You are covered in thick fur. (AC +2)
                  | [potion of mutation]
  2238 | D        | Gained mutation: You are frail. (-10% HP) [potion of
                  | mutation]
  2239 | D        | Lost mutation: Your muscles are strong. (Str +4, Int/Dex
                  | -1) [potion of mutation]
  2239 | D        | Lost mutation: You are covered in thick fur. (AC +2)
                  | [potion of mutation]
  2239 | D        | Gained mutation: Your system is resistant to poisons.
                  | (rPois) [potion of mutation]
  2239 | D        | Gained mutation: Your body sometimes deteriorates upon
                  | taking damage. [potion of mutation]
  2240 | D        | Lost mutation: You are frail. (-10% HP) [potion of
                  | mutation]
  2240 | D        | Lost mutation: Your system is resistant to poisons. (rPois)
                  | [potion of mutation]
  2240 | D        | Gained mutation: You are covered in thick fur. (AC +2)
                  | [potion of mutation]
  2240 | D        | Gained mutation: You are somewhat resistant to further
                  | mutation. [potion of mutation]
  2240 | D        | Gained mutation: You are robust. (+10% HP) [potion of
                  | mutation]
  2241 | D        | Lost mutation: You are covered in thick fur. (AC +2)
                  | [potion of mutation]
  2241 | D        | Lost mutation: You are robust. (+10% HP) [potion of
                  | mutation]
  2241 | D        | Lost mutation: You are somewhat resistant to further
                  | mutation. [potion of mutation]
  2241 | D        | Gained mutation: You are agile. (Dex +4, Str/Int -1)
                  | [potion of mutation]
  2241 | D        | Gained mutation: You are somewhat resistant to further
                  | mutation. [potion of mutation]
  2242 | D        | Lost mutation: You are somewhat resistant to further
                  | mutation. [potion of mutation]
  2242 | D        | Lost mutation: Your body sometimes deteriorates upon taking
                  | damage. [potion of mutation]
  2242 | D        | Gained mutation: You possess an exceptional clarity of
                  | mind. [potion of mutation]
  2317 | D        | Killed Sonja
  2318 | D        | Reached skill level 10 in Armour
  2327 | D        | Killed a purple draconian shifter
  2364 | D        | Killed a hellephant
  2364 | D        | Received a gift from Trog
  2438 | D        | Bought shiny ice dragon scales for 1638 gold pieces
  2450 | D        | Bought a scroll of identify for 26 gold pieces
  2450 | D        | Bought a scroll of identify for 26 gold pieces
  2450 | D        | Bought a scroll of silence for 97 gold pieces
  2454 | D        | Bought a scroll of identify for 26 gold pieces
  2454 | D        | Bought a scroll of identify for 26 gold pieces
  2457 | D        | Bought a potion of haste for 120 gold pieces
  2459 | D        | Bought a scroll of acquirement for 520 gold pieces
  2459 | D        | Acquired a manual of Evocations
  2465 | D        | Bought a potion of heal wounds for 50 gold pieces
  2465 | D        | Bought a potion of haste for 100 gold pieces
  2465 | D        | Bought a potion of resistance for 100 gold pieces
  2612 | D        | Received a gift from Trog
  2616 | D        | Noticed Nikola
  2618 | D        | Noticed the 27-headed Lernaean hydra
  2697 | D        | Killed a fire dragon
  2789 | D        | Killed Nikola
  2789 | D        | Received a gift from Trog
  2810 | D        | Reached skill level 15 in Armour
  2810 | D        | Reached XP level 14. HP: 169/169 MP: 13/13
  2819 | D        | Killed the 27-headed Lernaean hydra
  2862 | D        | Reached XP level 15. HP: 178/178 MP: 14/14
  2865 | D        | Found Fecwuf's Assorted Antiques.
  2974 | D        | Bought a scroll of fear for 66 gold pieces
  2974 | D        | Bought a scroll of identify for 38 gold pieces
  2974 | D        | Identified the +0 leather armour of Orthodoxy {rF++ rC+}
  2996 | D        | Reached skill level 1 in Evocations
  3184 | D        | Received a gift from Trog
  3185 | D        | Reached skill level 5 in Evocations
  3317 | D        | Noticed a deep elf master archer
  3334 | D        | Killed a deep elf master archer
  3414 | D        | Received a gift from Trog
  3449 | D        | Acquired the +12 gold dragon scales of Tulips {Rampage
                  | rPois rF+ rC+ Int+2}
  3484 | D        | Noticed an electric golem
  3497 | D        | Killed an electric golem
  3498 | D        | Reached XP level 16. HP: 72/192 MP: 15/15
  3626 | D        | Identified the amulet "Hionko Yces" {Reflect Harm rPois
                  | Str+2 SH+5 SInv}
  3628 | D        | Identified the +7 scale mail of the Locust {Rampage Dex+2}
  3725 | D        | Noticed a quicksilver dragon
  3725 | D        | Noticed a quicksilver dragon
  3728 | D        | Killed a quicksilver dragon
  3732 | D        | Killed a quicksilver dragon
  3895 | D        | Received a gift from Trog
  3910 | D        | Noticed a quicksilver dragon
  3914 | D        | Killed a quicksilver dragon
  4175 | D        | Noticed Murray
  4183 | D        | Killed Murray
  4326 | D        | Got the Orb of Zot
  4418 | D        | Noticed an Orb Guardian
  4432 | D        | Escaped with the Orb!

Illustrated notes

Levels and vault maps discovered:
D:        the_violet_keep_of_menkaure [sprint2_stairs_cluster_1,
          sprint2_shoproom, sprint2_temple, sprint2_basic_supplies,
          sprint2_obstacle_3, sprint2_obstacle_4, sprint2_obstacle_1,
          sprint2_obstacle_5, sprint2_obstacle_6, sprint2_timed_cluster_1,
          sprint2_smallroom_cluster_1, sprint2_smallroom_final_cluster_1,
          sprint2_transparent_cluster_1, sprint2_second_timed_cluster_1,
          sprint2_sniper_area_1, sprint2_heavy_combat_area_1,
          sprint2_mutation_trap_area_1, sprint2_forest_area_1,
          sprint2_light_combat_area_1, sprint2_behind_water_1,
          sprint2_near_end_vault_1]

Skill      XL: |  1  2  3  4  5  6  7  8  9 10 11 12 13 14 15 16 |
---------------+-------------------------------------------------+-----
Unarmed Combat | 5 9 12 14 15 17 19 20 22 25 | 25.4
Fighting       | 10 15 17 18 20 21 | 21.8
Armour         | 6 15 16 | 16.0
Evocations     | 8 |  8.9
Dodging        | |  2.4

Action                   |  1- 3 |  4- 6 |  7- 9 | 10-12 | 13-15 | 16-18 || total
-------------------------+-------+-------+-------+-------+-------+-------++-------
Melee: Unarmed           |    21 |    12 |    37 |   141 |   124 |    43 ||   378
       Punch             |       |     1 |       |    18 |    25 |     4 ||    48
       Great sword       |       |       |       |       |     1 |       ||     1
Invok: Berserk           |       |     1 |     3 |     5 |     3 |     2 ||    14
       Trog's Hand       |       |       |     2 |     5 |     4 |       ||    11
       Brothers in Arms  |       |       |     1 |     8 |     5 |     1 ||    15
  Use: Scroll            |       |       |     4 |     8 |     7 |       ||    19
       Potion            |       |       |     2 |     1 |    19 |     2 ||    24
 Stab: Sleeping          |     1 |       |       |       |       |       ||     1
       Distracted        |       |       |       |       |     1 |     1 ||     2
Armor: Animal skin       |     1 |       |     8 |    23 |       |       ||    32
       Robe              |       |       |       |     2 |     2 |       ||     4
       Ice dragon scales |       |       |       |       |    63 |       ||    63
       Gold dragon scale |       |       |       |       |    19 |    28 ||    47
Dodge: Dodged            |     8 |     6 |    24 |    43 |    31 |    15 ||   127

Table legend: (Time is in decaauts)
 A = Elapsed time spent in this place.
 B = Non-inter-level travel time spent in this place.
 C = Inter-level travel time spent in this place.
 D = Time resting spent in this place.
 E = Time spent auto-exploring this place.
 F = Levels seen in this place.
 G = Mean time per level.
                   A        B        C        D        E       F      G
               +--------+--------+--------+--------+--------+-----+--------+
         Total |   4494 |   4494 |      0 |   2046 |     88 |   1 | 4494.0 |
       Dungeon |   4494 |   4494 |      0 |   2046 |     88 |   1 | 4494.0 |
               +--------+--------+--------+--------+--------+-----+--------+

Top non-repeatable levels by time:
       D: 4494 daAuts
